 Dungeon Crawl Stone Soup version 0.21.1-1-g345015f (webtiles) character file.

84 Firecrotchwizard the Skirmisher (level 4, -3/41 HPs)
             Began as a Minotaur Abyssal Knight on Mar 29, 2018.
             Was a Believer of Lugonu.
             Killed from afar by an orc wizard (11 damage)
             ... with a puff of flame
             ... on level 2 of the Dungeon.
             The game lasted 00:02:34 (1200 turns).

Firecrotchwizard the Skirmisher (MiAK)              Turns: 1200, Time: 00:02:34

Health: -3/41      AC:  7    Str: 17    XL:     4   Next: 24%
Magic:  5/5        EV: 11    Int:  9    God:    Lugonu [**....]
Gold:   53         SH:  0    Dex: 10    Spells: 3/3 levels left

rFire    . . .     SeeInvis .   a - +1 mace
rCold    . . .     Gourm    .   (no shield)
rNeg     . . .     Faith    .   b - +0 leather armour
rPois    .         Spirit   .   (helmet restricted)
rElec    .         Reflect  .   i - +0 cloak
rCorr    .         Harm     .   (no gloves)
MR       .....                  j - +2 pair of boots
Stlth    +.........             k - amulet of rage {+Rage, !d}
HPRegen  0.13/turn              (no ring)
MPRegen  0.09/turn              (no ring)

@: no status effects
A: retaliatory headbutt, horns 2
a: Depart the Abyss, Bend Space, Renounce Religion, Evoke Berserk Rage


You were on level 2 of the Dungeon.
You worshipped Lugonu.
Lugonu was pleased with you.
You were not hungry.

You visited 1 branch of the dungeon, and saw 2 of its levels.
You visited the Abyss 1 time.

You collected 53 gold pieces.

Inventory:

Hand Weapons
 a - a +1 mace (weapon)
Missiles
 h - a throwing net {=f, !d}
Armour
 b - a +0 leather armour (worn)
 i - a +0 cloak (worn)
   (You found it on level 1 of the Dungeon)
 j - a +2 pair of boots (worn)
   (You found it on level 1 of the Dungeon)
Jewellery
 g - an uncursed ring of ice {rC+, rF-}
   (You found it on level 1 of the Dungeon)
 k - an amulet of rage (around neck) {+Rage, !d}
   (You found it on level 2 of the Dungeon)
Scrolls
 e - 5 scrolls of identify
Potions
 f - a potion of degeneration {unknown}
Comestibles
 c - a ration {@e1}
 d - a chunk of flesh {@w0}


   Skills:
 + Level 4.3 Fighting
 * Level 4.3 Maces & Flails
 - Level 2.4 Armour
 - Level 1.1 Dodging
 + Level 2.6 Invocations


You had 3 spell levels left.
You didn't know any spells.

Dungeon Overview and Level Annotations

Branches:
Dungeon (2/15)

Altars:


Innate Abilities, Weirdness & Mutations

You reflexively headbutt those who attack you in melee.
You have a pair of horns on your head.


Message History

No target in view!
No target in view!
You butcher the frilled lizard corpse.
d - a chunk of flesh {@w0} An orc comes into view.
It is wielding a club.
The orc shouts!
You hear a shout! x2
An orc and an orc wizard come into view.
The orc shouts!
The orc wizard miscasts a cantrip.
An orc comes into view. It is wielding a trident of flaming.
The orc shouts!
An orc wizard comes into view. It is wielding a dagger.
The orc hits you but does no damage.
The orc wizard mumbles some strange words.
The orc wizard seems to speed up.
The leopard gecko hisses angrily.
You hit the orc. The orc closely misses you.
You hit the orc but do no damage.
The orc wizard casts a spell.
The orc wizard flickers and vanishes!
Deactivating autopickup; reactivate with Ctrl-A.
The orc closely misses you.
You hit the orc but do no damage.
You kill the orc!
Lugonu accepts your kill. Something hits you but does no damage.
The orc hits you but does no damage.
You sock the orc!
You kill the orc!
Lugonu accepts your kill. Something hits you.
Something hits you but does no damage.
You take 2 damage, and have 31/33 hp.
Something hits you but does no damage.
The orc wizard hits you but does no damage.
Something completely misses you. The orc misses you.
Things that are here:
a club; a chain mail You hit the orc wizard.
The orc wizard hits you but does no damage.
Something hits you but does no damage. The leopard gecko bites you.
The orc misses you.
The orc wizard hits you but does no damage.
Something hits you but does no damage.
You sock the orc wizard!
You kill the orc wizard!
Lugonu accepts your kill.
Your Maces & Flails skill increases to level 4!
You have reached level 4!
You feel stronger. The leopard gecko closely misses you. Something hits you.
The leopard gecko barely misses you. You furiously retaliate!
You headbutt the leopard gecko!
You kill the leopard gecko!
Lugonu accepts your kill.
The orc hits you from afar with a trident of flaming.
The orc burns you.
You take 3 damage, and have 28/41 hp.
You hit something. Something hits you.
You hear some strange, mumbled words.
A puff of flame appears from out of thin air!
The puff of flame hits you! The orc barely misses you.
You take 1 damage, and have 27/41 hp.
Something hits you but does no damage.
The orc hits you with a trident of flaming.
The orc burns you. Something hits you but does no damage.
Found a stone staircase leading down and a stone staircase leading up.
Things that are here:
a dagger; a robe; an orc corpse You take 3 damage, and have 24/41 hp.
You hit the orc. Your headbutt misses the orc. Something hits you.
The orc hits you with a trident of flaming!
The orc burns you.
You take 11 damage, and have 13/41 hp.
MASSIVE DAMAGE!!
You hit the orc.
You kill the orc!
Lugonu accepts your kill.
Something hits you but does no damage. x2
You hit something but do no damage. You headbutt something.
You hear some strange, mumbled words.
A puff of frost appears from out of thin air!
The puff of frost hits you! Something hits you but does no damage.
Unknown command.
You miss something. Something hits you.
* * * LOW HITPOINT WARNING * * *
Something hits you but does no damage.
You take 4 damage, and have 9/41 hp.
You miss something. Something hits you.
* * * LOW HITPOINT WARNING * * *
Something hits you but does no damage.
You take 2 damage, and have 7/41 hp.
You sock something!
You hear some strange, mumbled words.
A puff of frost appears from out of thin air!
The puff of frost hits you!
You hit something but do no damage.
Something hits you but does no damage. x2
You closely miss something. Something hits you but does no damage.
You hear some strange, mumbled words.
A puff of flame appears from out of thin air!
The puff of flame hits you!
You die...

.............#..........#
......................#
......................#
..............#....####
..............#....#
..............##...#
.........##.....)..#
................{)##
...............)@.#
..............(.......>.
.....##........#...#.#..
..##..#........#...# #
......# ...........
.............. .....<
........l.... ......##
............. ......#
..###....


There were no monsters in sight!

Vanquished Creatures
  An orc wizard (D:2)
  An ooze (D:1)
  3 leopard geckos
  3 orcs (D:2)
  5 bats (D:1)
  3 giant cockroaches (D:1)
  7 hobgoblins
  2 jackals (D:1)
  3 kobolds (D:1)
  A quokka (D:2)
  3 frilled lizards
  7 goblins (D:1)
  2 rats (D:1)
41 creatures vanquished.

Notes
Turn   | Place    | Note
-------+----------+-------------------------------------------
     0 | Abyss:1  | Firecrotchwizard the Minotaur Abyssal Knight began the quest for the Orb.
     0 | Abyss:1  | Reached XP level 1. HP: 19/19 MP: 1/1
    32 | Abyss:1  | Found a corrupted altar of Lugonu.
    51 | D:1      | Escaped the Abyss
   236 | D:1      | Reached skill level 2 in Invocations
   246 | D:1      | Reached skill level 3 in Maces & Flails
   246 | D:1      | Reached XP level 2. HP: 27/27 MP: 2/2
   357 | D:1      | Reached ** piety under Lugonu
   507 | D:1      | Reached skill level 4 in Fighting
   518 | D:1      | Reached XP level 3. HP: 22/33 MP: 0/3
  1190 | D:2      | Reached skill level 4 in Maces & Flails
  1190 | D:2      | Reached XP level 4. HP: 38/41 MP: 4/4
  1196 | D:2      | HP: 9/41 [something (4)]
  1200 | D:2      | Killed from afar by an orc wizard

Skill      XL: |  1  2  3 |
---------------+----------+-----
Invocations    | 2 |  2.6
Maces & Flails | 3 4 |  4.3
Fighting       | 4 |  4.3
Armour         | |  2.4
Dodging        | |  1.1

Action                   |  1- 3 |  4- 6 || total
-------------------------+-------+-------++-------
Melee: Mace              |    81 |     9 ||    90
       Headbutt          |    11 |     1 ||    12
Invok: Bend Space        |     2 |       ||     2
  Use: Scroll            |     2 |       ||     2
  Eat: Chunk             |     1 |       ||     1
Armor: Leather armour    |    39 |     5 ||    44
Dodge: Dodged            |    46 |     3 ||    49

Vault maps used:
D:1:      lemuel_arrival_cross, minmay_hedge_maze, st_stairs_12, minmay_vboxes
D:2:      lemuel_doored_altar, cheibrodos_gnoll_hut

Table legend:
 A = Turns spent in this place as a percentage of turns spent in the entire game.
 B = Non-inter-level travel turns spent in this place as a percentage of non-inter-level travel turns spent in the entire game.
 C = Inter-level travel turns spent in this place as a percentage of turns spent in this place.
 D = Turns resting spent in this place as a percentage of non-inter-level travel turns spent in this place.
 E = Turns spent auto-exploring this place as a percentage of non-inter-level travel turns spent in this place.
 F = Non-inter-level travel turns spent in this place divided by the number of levels of this place that you've seen.
                   A       B       C       D       E      F
               +-------+-------+-------+-------+-------+----------------------
         Total | 100.0 | 100.0 |   2.7 |  31.2 |  51.3 | 389.3
       Dungeon |  95.8 |  95.6 |   2.8 |  32.7 |  49.4 | 558.5
         Abyss |   4.2 |   4.4 |   0.0 |   0.0 |  92.2 |  51.0
               +-------+-------+-------+-------+-------+----------------------

Table legend:
 A = Kills in this place as a percentage of kills in entire the game.
 B = Kills by you in this place as a percentage of kills by you in the entire game.
 C = Kills by friends in this place as a percentage of kills by friends in the entire game.
 D = Other kills in this place as a percentage of other kills in the entire game.
 E = Experience gained in this place as a percentage of experience gained in the entire game.
 F = Experience gained in this place divided by the number of levels of this place that you have seen.
                   A       B       C       D       E      F
               +-------+-------+-------+-------+-------+----------------------
         Total | 100.0 | 100.0 |   N/A |   N/A | 100.0 |  40.3
       Dungeon | 100.0 | 100.0 |   N/A |   N/A | 100.0 |  60.5
               +-------+-------+-------+-------+-------+----------------------
